 Dungeon Crawl Stone Soup version 0.24.0-125-gc4c63601f3 (console) character file.

Game seed: 5023015897533404248, levelgen mode: deterministic

41624 utis the Nimble (level 14, -14/88 HPs)
             Began as a Tengu Wizard on Feb 20, 2020.
             Demolished by a catoblepas (16 damage)
             ... while petrified by you
             ... on level 5 of the Lair of Beasts on Feb 21, 2020.
             The game lasted 01:40:49 (31689 turns).

utis the Nimble (Tengu Wizard)                     Turns: 31689, Time: 01:40:50

Health: -14/88     AC:  5    Str:  8    XL:     14   Next: 16%
Magic:  27/28      EV:  2    Int: 23    God:
Gold:   1117       SH:  0    Dex: 13    Spells: 9/31 levels left

rFire    . . .     SeeInvis .   V - +10 dire flail {crush, *Contam rPois rC+++ rN+}
rCold    + + +     Gourm    .   (shield currently unavailable)
rNeg     + + +     Faith    .   m - +0 robe {Archmagi}
rPois    ∞         Spirit   .   z - +2 hat
rElec    .         Reflect  .   J - +0 cloak
rCorr    .         Harm     .   (no gloves)
MR       ++...                  (boots unavailable)
Stlth    +++.......             (no amulet)
HPRegen  0.24/turn              M - ring of protection from magic
MPRegen  0.21/turn              q - ring of stealth

@: petrified, flying quickly and evasively, quick
A: beak, talons 3, able to fly
a: Stop Flying


You were on level 5 of the Lair of Beasts.
You were not hungry.

You visited 2 branches of the dungeon, and saw 16 of its levels.
You also visited: Sewer and Bailey.

You collected 1117 gold pieces.

Inventory:

Hand Weapons
 a - a +4 short sword of electrocution
 y - a +2 dagger of venom
 F - a +0 whip of electrocution
 H - a +7 dire flail of protection
 U - a +1 halberd of freezing
 V - the +10 dire flail of Upafal (weapon) {crush, *Contam rPois rC+++ rN+}
   (You found it on level 9 of the Dungeon)

   It inflicts extra damage upon your enemies.
   It renders you almost immune to cold.
   It protects you from poison.
   It protects you from negative energy.
   It causes magical contamination when unequipped.
Armour
 m - a +0 robe of the Archmagi (worn)
 r - a +2 robe of cold resistance
 z - a +2 hat (worn)
 J - a +0 cloak (worn)
 K - a +2 leather armour of poison resistance
Magical Staves
 X - an uncursed staff of fire
Jewellery
 q - a ring of stealth (right hand)
 C - an uncursed ring of ice
 M - a ring of protection from magic (left hand)
Wands
 f - a wand of clouds (6)
 t - a wand of polymorph (18)
 u - a wand of scattershot (5)
 E - a wand of acid (20)
 G - a wand of digging (3)
 O - a wand of iceblast (11)
 R - a wand of paralysis (15)
 T - a wand of flame (62)
 Y - a wand of enslavement (7)
Scrolls
 c - a scroll of holy word
 e - a scroll of identify {@r1}
 h - a scroll of magic mapping
 j - 7 scrolls of remove curse {@r2}
 l - 3 scrolls of enchant weapon
 n - a scroll of vulnerability
 p - 5 scrolls of amnesia
 v - 2 scrolls of teleportation {@r4}
 w - a scroll of enchant armour
 x - 4 scrolls of blinking
 D - 3 scrolls of immolation
 S - a scroll of summoning
Potions
 i - a potion of ambrosia
 k - 4 potions of flight
 o - 6 potions of curing {@q1}
 I - a potion of magic
 L - a potion of might
 N - a potion of heal wounds {@q2}
 P - a potion of agility
 Q - 5 potions of brilliance
 Z - 2 potions of mutation {!q}
Miscellaneous
 b - a sack of spiders
 g - a phial of floods
 A - a lamp of fire
 W - a phial of floods
Comestibles
 d - 25 rations {@e1}
 s - 4 chunks of flesh


   Skills:
 + Level 10.4 Fighting
 - Level 3.0 Short Blades
 + Level 13.3 Dodging
 - Level 2.0 Stealth
 - Level 9.1 Spellcasting
 - Level 12.0 Conjurations
 + Level 4.3 Hexes
 - Level 1.2 Summonings
 - Level 0.7 Translocations
 - Level 3.0 Fire Magic
 - Level 5.0 Ice Magic
 + Level 10.2 Air Magic
 - Level 5.0 Evocations


You had 9 spell levels left.
You knew the following spells:

 Your Spells              Type           Power        Failure   Level  Hunger
a - Magic Dart            Conj           ####         1%          1    None
b - Mephitic Cloud        Conj/Pois/Air  ######..     1%          3    None
c - Poisonous Vapours     Pois/Air       ######       1%          2    None
d - Freezing Cloud        Conj/Ice/Air   ######....   22%         6    ######.
f - Confuse               Hex            #####...     3%          3    None
o - Conjure Flame         Conj/Fire      ######..     1%          3    None
p - Call Imp              Summ           ###.....     5%          2    None
v - Blink                 Tloc           N/A          7%          2    None

Your spell library contained the following spells:

 Spells                   Type           Power        Failure   Level  Hunger
 Confusing Touch          Hex            #####.       1%          1    None
 Slow                     Hex            #####...     1%          2    None
 Gell's Gravitas          Tloc           ###.......   14%         3    None
 Metabolic Englaciation   Hex/Ice        #####.....   26%         5    ####...
 Petrify                  Tmut/Erth      ###.....     52%         4    ##.....
 Yara's Violent Unravell  Hex/Tmut       ####......   56%         5    ####...
 Ring of Flames           Chrm/Fire      ####......   100%        7    #######


Dungeon Overview and Level Annotations

Branches:
Dungeon (11/15)            Temple (0/1) D:6            Lair (5/6) D:9
 Shoals (0/4) Lair:4       Spider (0/4) Lair:2        Slime (0/5) Lair:5
    Orc (0/2) D:9           Sewer (visited)          Bailey (visited)

Altars:
Fedhas
Hepliaklqana
Makhleb
Nemelex Xobeh
Okawaru
Qazlal
Ru
Sif Muna
Trog
Uskayaw
Vehumet
Yredelemnul
The Shining One
Beogh

Annotations:
Lair:5 exclusion: ice statue


Innate Abilities, Weirdness & Mutations

You have a beak for a mouth.
You have claws for feet.
You can fly continuously.


Message History

The blast of calcifying dust hits you.
* * * LOW HITPOINT WARNING * * *
You are engulfed in calcifying dust.
The yak is engulfed in calcifying dust.
The yak stops moving altogether!
The yak is engulfed in calcifying dust.
You are engulfed in calcifying dust.
The yak is engulfed in calcifying dust.
The catoblepas gores you!!
* * * LOW HITPOINT WARNING * * *
You are engulfed in calcifying dust.
The yak is engulfed in calcifying dust.
The catoblepas gores you!!
* * * LOW HITPOINT WARNING * * *
You are engulfed in calcifying dust.
The catoblepas roars fiercely, eyes lowered.
The catoblepas gores you!
* * * LOW HITPOINT WARNING * * *
The catoblepas gores you!
* * * LOW HITPOINT WARNING * * *
The catoblepas gores you.
* * * LOW HITPOINT WARNING * * *
The catoblepas gores you!!
You die...

.░ ░░....░░░.....░
.░░░.░...⚵⚵░....░░░░░ ░░░
..░......⚵⚵░.....░░.░░░░.░░
..........░░.....░░.░.░...░
░.........░░.............░*
.░..░......░.........⚵...░
..............Y....░.░░..░░
░...░..........YY...░░░...░
░............░.░Q........░░
.............░░░░.......░░
............░░░░░..⚶░⚶⚵.░░
░..░..........░░....░.⚶..░░░
**,....░░░...░░...░░░░░░.⚶⚵░
,*,,...,*░.........░░ ░...░
,,,,,*,**░..........░░░░░░░░
,,,,,*** ░.......⚵..<....░░
,,**,,* ░░.......░⚵....⚶⚶⚶░


You could see a catoblepas and 2 yaks.

Vanquished Creatures
  Rupert (Lair:3)
  Snorg (Lair:3)
  Fannar (Lair:2)
  A hydra (Lair:2)
  2 two-headed ogres
  Nergalle (D:11)
  A cyclops (D:9)
  12 elephants
  4 black mambas
  Maurice (D:10)
  2 kobold demonologists (D:11)
  7 spiny frogs
  A rime drake (Lair:2)
  3 komodo dragons (Lair:3)
  A queen bee (D:9)
  2 polar bears (Lair:5)
  2 hornets
  Prince Ribbit (D:9)
  9 blink frogs
  10 hippogriffs
  5 redbacks (Lair:2)
  A shadow (D:11)
  57 yaks
  Sigmund (D:6)
  A vampire (D:8)
  A wyvern (D:11)
  4 basilisks
  Menkaure (D:5)
  Edmund (D:5)
  3 orc warriors
  4 water moccasins
  10 porcupines
  5 ice beasts
  2 phantoms
  2 sky beasts
  An eye of draining (D:9)
  A black bear (D:7)
  3 ogres
  4 centaurs
  10 wolves
  13 crocodiles
  2 big kobolds (D:11)
  Blork the orc (D:6)
  27 bullfrogs
  8 gnoll sergeants (Bailey)
  5 scorpions
  11 wights
  17 killer bees (D:9)
  2 howler monkeys
  2 electric eels (Lair:3)
  5 crimson imps
  A quasit (D:10)
  2 centaur zombies (D:6)
  12 orc wizards
  10 hounds
  4 jellies
  8 orc priests
  2 centaur skeletons
  7 gnoll shamans
  Jessica (D:3)
  3 bullfrog skeletons
  7 iguanas
  7 worker ants
  A hound skeleton (D:4)
  21 gnolls
  3 howler monkey skeletons
  12 adders
  A shadow imp (D:5)
  2 white imps (Lair:5)
  An ooze (D:3)
  An adder skeleton (D:6)
  5 worms
  A dart slug (D:5)
  14 leopard geckos
  65 orcs
  10 giant cockroaches
  16 goblins
  5 hobgoblins
  12 jackals
  5 quokkas
  4 ball pythons
  10 bats
  13 frilled lizards
  9 kobolds
  A leopard gecko skeleton (D:4)
  A quokka skeleton (D:5)
  6 rats
  A fungus (Lair:2)
557 creatures vanquished.

Vanquished Creatures (collateral kills)
  A scorpion (D:4)
  A giant cockroach (D:3)
2 creatures vanquished.

Vanquished Creatures (others)
  An orc (D:4)
  A bush (Lair:1)
  15 fungi
  11 plants
28 creatures vanquished.

Grand Total: 587 creatures vanquished

Notes
Turn   | Place    | Note
-------+----------+-------------------------------------------
     0 | D:1      | utis the Tengu Wizard began the quest for the Orb.
     0 | D:1      | Reached XP level 1. HP: 10/10 MP: 5/5
   339 | D:1      | Reached XP level 2. HP: 15/15 MP: 5/7
   362 | D:1      | Learned a level 2 spell: Call Imp
   365 | D:1      | Learned a level 2 spell: Blink
  1231 | D:2      | Found a glowing golden altar of the Shining One.
  1393 | D:2      | Reached XP level 3. HP: 19/19 MP: 4/8
  1398 | D:2      | Learned a level 3 spell: Conjure Flame
  1638 | D:2      | Found a stormy altar of Qazlal.
  1638 | D:2      | Found a hazy altar of Hepliaklqana.
  1931 | D:2      | Found a sacrificial altar of Ru.
  1947 | D:2      | Reached skill level 3 in Dodging
  1947 | D:2      | Reached XP level 4. HP: 18/24 MP: 6/9
  2250 | D:2      | Reached skill level 5 in Fighting
  2250 | D:2      | Reached skill level 7 in Dodging
  2250 | D:2      | Gained mutation: You can fly continuously. [Tengu growth]
  2250 | D:2      | Reached XP level 5. HP: 35/35 MP: 9/14
  2290 | D:2      | Learned a level 3 spell: Mephitic Cloud
  2716 | D:3      | Reached XP level 6. HP: 40/40 MP: 8/16
  2802 | D:3      | HP: 2/40 [orc priest/divine providence (13)]
  3154 | D:3      | Noticed Jessica
  3175 | D:3      | Killed Jessica
  3489 | D:3      | Found a shimmering blue altar of Sif Muna.
  4046 | D:4      | Noticed an ice beast
  4120 | D:3      | Killed an ice beast
  4414 | D:4      | Reached XP level 7. HP: 15/44 MP: 12/17
  4821 | D:4      | Reached skill level 1 in Air Magic
  4952 | D:4      | Reached skill level 1 in Fire Magic
  5337 | D:4      | Found a burning altar of Makhleb.
  5341 | D:4      | Found a radiant altar of Vehumet.
  5488 | D:4      | Reached XP level 8. HP: 50/50 MP: 14/18
  5528 | D:4      | Reached skill level 8 in Dodging
  5995 | D:4      | Found a blossoming altar of Fedhas.
  6524 | D:5      | Entered Level 5 of the Dungeon
  7715 | D:5      | Found a hide-covered altar of Uskayaw.
  7727 | D:5      | Noticed a +0 dagger
  7743 | D:5      | Noticed Menkaure
  7770 | D:5      | Killed Menkaure
  7812 | D:5      | Noticed a +0 dagger
  7855 | D:5      | Reached skill level 9 in Dodging
  8063 | D:5      | Noticed Edmund
  8084 | D:5      | Killed Edmund
  8084 | D:5      | Reached XP level 9. HP: 48/54 MP: 7/19
  8278 | D:5      | Found an iron altar of Okawaru.
  8434 | D:5      | Found a bloodstained altar of Trog.
  8534 | D:6      | Found a glowing drain.
  8568 | Sewer    | Entered a sewer
  8989 | D:6      | Noticed Blork the orc
  9011 | D:6      | Killed Blork the orc
  9367 | D:6      | Noticed Sigmund
  9542 | D:6      | Found a staircase to the Ecumenical Temple.
  9641 | D:6      | Killed Sigmund
  9980 | D:6      | Found a basalt altar of Yredelemnul.
 10083 | D:6      | Reached skill level 1 in Short Blades
 10194 | D:7      | Found a flagged portal.
 10264 | Bailey   | Entered a bailey
 11155 | Bailey   | Reached XP level 10. HP: 52/60 MP: 19/21
 11391 | Bailey   | Reached skill level 10 in Dodging
 12942 | D:7      | Found a sparkling altar of Nemelex Xobeh.
 13081 | D:8      | You are sucked into a shaft and drop 2 floors!
 13081 | D:10     | Entered Level 10 of the Dungeon
 13251 | D:9      | Found a staircase to the Orcish Mines.
 13885 | D:8      | Reached skill level 11 in Dodging
 15389 | D:8      | Reached XP level 11. HP: 49/68 MP: 16/22
 15492 | D:9      | Found a staircase to the Lair.
 16500 | D:8      | Reached skill level 1 in Evocations
 16643 | D:9      | Found a transporter.
 16645 | D:9      | Noticed a two-headed ogre
 16647 | D:9      | Found a roughly hewn altar of Beogh.
 16647 | D:9      | Found a transporter.
 16647 | D:9      | Noticed a cyclops
 17096 | D:9      | Noticed Prince Ribbit
 17122 | D:9      | Killed Prince Ribbit
 18073 | D:9      | Reached skill level 5 in Evocations
 18308 | D:9      | Killed a two-headed ogre
 18323 | D:9      | Killed a cyclops
 18429 | D:9      | Got a pitted dire flail
 18430 | D:9      | Identified the +10 dire flail of Upafal {crush, *Contam
                  | rPois rC+++ rN+} (You found it on level 9 of the Dungeon)
 18442 | D:9      | Learned a level 2 spell: Poisonous Vapours
 18449 | D:9      | Learned a level 6 spell: Freezing Cloud
 19605 | D:11     | Noticed Nergalle
 19629 | D:11     | Killed Nergalle
 19629 | D:11     | Reached skill level 12 in Dodging
 19953 | D:11     | Reached skill level 10 in Conjurations
 20397 | D:11     | Noticed a soul eater
 20751 | D:11     | Reached XP level 12. HP: 55/75 MP: 18/24
 20888 | D:11     | Noticed a two-headed ogre
 20906 | D:11     | Killed a two-headed ogre
 21764 | D:11     | Noticed Maurice
 22074 | D:10     | Killed Maurice
 22525 | Lair:1   | Entered Level 1 of the Lair of Beasts
 23427 | Lair:1   | Reached skill level 13 in Dodging
 23730 | Lair:1   | Reached skill level 10 in Fighting
 24325 | Lair:1   | Reached XP level 13. HP: 72/82 MP: 6/27
 24984 | Lair:2   | Reached skill level 1 in Ice Magic
 25324 | Lair:2   | Reached skill level 5 in Air Magic
 25863 | Lair:2   | Noticed Fannar
 25894 | Lair:2   | Killed Fannar
 26299 | Lair:2   | Found a hole to the Spider Nest.
 26534 | Lair:2   | Learned a level 3 spell: Confuse
 26550 | Lair:3   | Noticed Rupert
 26831 | Lair:3   | Found a blossoming altar of Fedhas.
 27020 | Lair:3   | Killed Rupert
 27020 | Lair:3   | Reached skill level 1 in Hexes
 27453 | Lair:3   | Noticed Snorg
 27498 | Lair:3   | Killed Snorg
 28514 | Lair:3   | You are sucked into a shaft and drop 2 floors!
 28524 | Lair:5   | Identified the +5 flail "Ogrebane" {chaos, rElec Str+4
                  | Dex+6} (You found it on level 5 of the Lair of Beasts)
 29553 | Lair:4   | Reached skill level 5 in Ice Magic
 30102 | Lair:4   | Reached XP level 14. HP: 88/88 MP: 10/28
 30205 | Lair:4   | Found a staircase to the Shoals.
 30568 | Lair:3   | Reached skill level 10 in Air Magic
 31687 | Lair:5   | HP: 4/88 [catoblepas (5)]
 31689 | Lair:5   | Demolished by a catoblepas

Levels and vault maps discovered:
D:1:      mrwooster_arrival_statue_3, layout_loops_cross
D:2:      layout_loops_ring, nicolae_tso_carved_into_rock,
          gammafunk_temple_overflow_wave, nicolae_ru_great_annihilating_truth
D:3:      layout_loops_ring, lemuel_blue_sif_altar, uniq_jessica
D:4:      layout_basic, grunt_temple_overflow_lords_of_destruction,
          fedhas_altar_1, first_ration
D:5:      layout_rooms, dancing_weapons_uskayaw, okawaru_altar_gauntlet_db,
          kennysheep_mini_moat, serial_glass, glass_columns_b, glass_columns_c,
          glass_columns_c, glass_columns_b, uniq_edmund, uniq_menkaure
D:6:      layout_loops_ring, lemuel_crystal_altar, minmay_temple_entry_mist,
          cheibrodos_sewer_entry_bend, uniq_blork_the_orc, uniq_sigmund
D:7:      layout_loops_corners, nicolae_overflow_hidden_temple, enter_bailey_3,
          grunt_ogre_cave
D:8:      layout_basic
D:9:      gammafunk_beogh_shrine, layout_rooms, minmay_lair_entry_grove,
          minivault_7, uniq_prince_ribbit1
D:10:     layout_gridville
D:11:     layout_loops_ring, uniq_nergalle, uniq_maurice
Lair:1:   layout_loops_ring
Lair:2:   layout_loops_ring, spider_nest_entry_a, uniq_fannar
Lair:3:   layout_cave_pods, basic_altar, grunt_megastairs_5,
          serial_bayou_shore_b, serial_bayou_shore_b, serial_bayou_shore_a,
          uniq_snorg, uniq_rupert
Lair:4:   layout_cave_shapes, shoals_dummy_entry
Lair:5:   layout_layer_cave, slime_altar_1, ice2_lemuel

Skill      XL: |  1  2  3  4  5  6  7  8  9 10 11 12 13 14 |
---------------+-------------------------------------------+-----
Conjurations   | 2 3 8 9 10 12 | 12.0
Dodging        | 3 7 9 11 12 13 | 13.3
Fighting       | 5 6 8 10 | 10.4
Spellcasting   | 6 7 9 |  9.1
Air Magic      | 2 4 9 10 | 10.2
Fire Magic     | 2 3 |  3.0
Short Blades   | 2 3 |  3.0
Evocations     | 5 |  5.0
Ice Magic      | 5 |  5.0
Hexes          | 3 4 |  4.3
Stealth        | |  2.0
Summonings     | |  1.2
Translocations | |  0.7

Action                   |  1- 3 |  4- 6 |  7- 9 | 10-12 | 13-15 || total
-------------------------+-------+-------+-------+-------+-------++-------
Melee: Short sword       |     6 |       |   224 |   310 |       ||   540
       Peck              |     3 |     9 |    32 |    79 |    46 ||   169
       Whip              |    11 |    68 |    53 |       |       ||   132
       Kick              |     2 |    13 |    53 |   120 |    71 ||   259
       Dagger            |       |     2 |     3 |   118 |       ||   123
       Dire flail        |       |       |       |   227 |   287 ||   514
       Halberd           |       |       |       |    35 |       ||    35
 Cast: Magic Dart        |    60 |    64 |   340 |   260 |    55 ||   779
       Call Imp          |       |     9 |       |    11 |     4 ||    24
       Conjure Flame     |       |       |     3 |    52 |    33 ||    88
       Mephitic Cloud    |       |       |    26 |    31 |    26 ||    83
       Poisonous Vapours |       |       |       |    47 |    25 ||    72
       Confuse           |       |       |       |       |    15 ||    15
 Abil: Fly               |       |     1 |       |       |       ||     1
Evoke: Wand              |       |       |       |     4 |     1 ||     5
  Use: Scroll            |     4 |     5 |     9 |    13 |     7 ||    38
       Potion            |       |     2 |       |     3 |     1 ||     6
 Stab: Confused          |       |       |     7 |    17 |    22 ||    46
       Sleeping          |       |       |     3 |     2 |       ||     5
       Invisible         |       |       |       |     2 |       ||     2
       Distracted        |       |       |       |     2 |       ||     2
       Paralysed         |       |       |       |     3 |       ||     3
  Eat: Chunk             |     3 |     7 |    21 |    24 |    18 ||    73
       Ration            |       |       |       |     5 |     1 ||     6
Armor: Robe              |     1 |     1 |       |       |     5 ||     7
       Ring mail         |       |    13 |    50 |     5 |       ||    68
       Leather armour    |       |       |       |    90 |    29 ||   119
Dodge: Dodged            |    20 |    37 |   221 |   548 |   330 ||  1156
